 Dungeon Crawl Stone Soup version 0.21-a0-320-gefad53e (webtiles) character file.

2346 Lavandula the Gouger (level 9, -3/41 HPs)
             Began as a Felid Chaos Knight on Sept 30, 2017.
             Slain by a wyvern (19 damage)
             ... on level 9 of the Dungeon.
             The game lasted 00:27:16 (8973 turns).

Lavandula the Gouger (Felid Chaos Knight)           Turns: 8973, Time: 00:27:16

Health: -3/41      AC:  4    Str: 10    XL:     9   Next: 20%
Magic:  2/14       EV: 22    Int: 15    God:    Xom [*.....]
Gold:   522        SH:  0    Dex: 19    Spells: 3/13 levels left
                                        Lives:  0   Deaths: 2

rFire    + . .     SeeInvis +     - Unarmed
rCold    . . .     Gourm    .   (shield unavailable)
rNeg     + . .     Faith    .   (armour unavailable)
rPois    .         Spirit   .   (helmet unavailable)
rElec    +         Reflect  .   (cloak unavailable)
rCorr    .         Harm     .   (gloves unavailable)
MR       +....     Clarity  +   (boots unavailable)
Stlth    +++.......             I - amulet of regeneration
HPRegen  0.53/turn              D - ring "Ifeyl" {rElec rF+ AC+2 Dex+2}
MPRegen  0.14/turn              B - ring of Dehu {rN+ Slay+5}

@: very slightly contaminated, drained, quick
A: no armour, no weapons or thrown items, stealth, claws 1, fangs 3, horns 1,
see invisible, agile 1, carnivore 3, clarity, speed 1, shaggy fur 2, slow
metabolism 1, sharp paws
a: Renounce Religion


You were on level 9 of the Dungeon.
You worshipped Xom.
You were a special plaything of Xom.
You were completely stuffed.

You visited 1 branch of the dungeon, and saw 9 of its levels.

You collected 522 gold pieces.

Inventory:

Jewellery
 p - an uncursed ring of fire
 r - an uncursed ring of flight
 u - a +2 ring of intelligence
 y - a +2 ring of protection
 B - the ring of Dehu (right paw) {rN+ Slay+5}
   (You took it off an orc on level 7 of the Dungeon)

   [ring of slaying]

   It affects your accuracy and damage with ranged weapons and melee attacks
   (+5).
   It protects you from negative energy.
 D - the ring "Ifeyl" (left paw) {rElec rF+ AC+2 Dex+2}
   (You found it on level 8 of the Dungeon)

   [ring of protection]

   It affects your AC (+2).
   It affects your dexterity (+2).
   It protects you from fire.
   It insulates you from electricity.
 I - an amulet of regeneration (around neck)
Wands
 j - a wand of clouds (6/9)
 v - a wand of acid (8/15)
 x - a wand of paralysis (17/24)
 A - a wand of iceblast (9/15)
 E - a wand of random effects (27/48)
Scrolls
 b - 3 scrolls of fog
 c - 3 scrolls of immolation
 d - a scroll of enchant armour {unknown}
 e - a scroll of remove curse
 f - a scroll of magic mapping
 i - 2 scrolls of fear {unknown}
 k - 2 scrolls of blinking {unknown}
 s - 2 scrolls of teleportation
 t - a scroll of recharging
 H - a scroll of noise {unknown}
Potions
 g - 2 potions of agility
 l - a potion of berserk rage {unknown}
 m - 4 potions of flight
 n - 2 potions of invisibility
 o - a potion of heal wounds {unknown}
 q - a potion of lignification {unknown}
 z - a potion of magic
 F - a potion of brilliance {unknown}
 G - 2 potions of curing
Books
 h - a book of Minor Magic

   Spells                             Type                      Level
   a - Magic Dart                     Conjuration                  1
   b - Blink                          Translocation                2
   c - Call Imp                       Summoning                    2
   d - Slow                           Hexes                        2
   e - Conjure Flame                  Conjuration/Fire             3
   f - Mephitic Cloud                 Conjuration/Poison/Air       3
Comestibles
 a - 3 meat rations
 C - 3 chunks of flesh


   Skills:
 - Level 5.6(4.5) Fighting
 - Level 6.9(5.7) Dodging
 - Level 5.1(4.0) Stealth
 - Level 9.6(8.3) Unarmed Combat
 - Level 2.7(1.7) Spellcasting
 - Level 1.1(0.1) Conjurations
 + Level 2.6(1.5) Translocations
 - Level 2.1(1.0) Air Magic
 - Level 2.9(1.9) Poison Magic


You had 3 spell levels left.
You knew the following spells:

 Your Spells              Type           Power        Failure   Level  Hunger
a - Blink                 Tloc           N/A          19%         2    ###....
b - Call Imp              Summ           #.......     34%         2    ###....
c - Mephitic Cloud        Conj/Pois/Air  #.......     41%         3    ####...
d - Conjure Flame         Conj/Fire      #.......     54%         3    ####...


Dungeon Overview and Level Annotations

Branches:
Dungeon (9/15)             Temple (0/1) D:6
   Lair: D:8-11         Orc: D:9-12

Altars:
Fedhas
Kikubaaqudgha
Nemelex Xobeh
Okawaru
Ru
Trog
Yredelemnul
The Shining One


Innate Abilities, Weirdness & Mutations

You cannot wear armour.
You are incapable of wielding weapons or throwing items.
Your paws allow you to move quietly. (Stealth)
You have sharp claws.
You have razor-sharp teeth.
You have supernaturally acute eyesight. (SInv)
You are carnivorous and can eat meat at any time.
You cover ground quickly.
You are covered in thick fur. (AC +2)
You have a slow metabolism.
Your sharp claws are effective at attacking unaware monsters.
You have a pair of small horns on your head.
You are agile. (Dex +2)
You possess an exceptional clarity of mind.


Message History

Casting: Mephitic Cloud
Confirm with . or Enter, or press ? or * to list all spells.
You don't have enough magic to cast that spell.
You scratch the wyvern but do no damage.
You headbutt the wyvern, but do no damage.
The wyvern is moderately wounded.
The wyvern completely misses you. The wyvern bites you!
You are too injured to fight recklessly!
Okay, then.
The wyvern bites you.
Press: ? - help, v - describe, . - travel
Here: a wyvern (moderately wounded)
The floor.
Unknown command.
You hear Xom's avuncular chuckle.
The wyvern seems to speed up.
The wyvern misses you.
There is an open door here.
The wyvern bites you!!
You die...
Xom snickers!

#####......#+####################
....#......#... #................
....#......#....#................
....#......#....#................
....#......# ...'................
....#......# .#................
....#......# #.....).........
.####......######l######....#####
.# ####........@......#....#....
.# #...............#....'.... .#
#...............#....#.... .#
#....######.....#....#.... .#
....#....# .....# ..#....
.##....#....# .....# ....
.##....#....# .....# ....
.##....#....# $...# .... .##....#
....


You could see a wyvern.

Vanquished Creatures
  A troll (D:9)
  A wyvern (D:9)
  An ice beast (D:8)
  A centaur (D:8)
  2 phantoms
  An ogre (D:8)
  4 bullfrogs
  4 scorpions
  3 wights (D:9)
  5 killer bees (D:8)
  A howler monkey (D:3)
  6 crimson imps
  A quasit (D:9)
  4 orc priests
  9 hounds
  2 jellies
  A bullfrog skeleton (D:4)
  4 orc wizards
  2 centaur zombies
  3 iguanas
  7 worker ants
  A hound skeleton (D:8)
  7 adders
  A shadow imp (D:8)
  An ooze (D:3)
  An adder skeleton (D:7)
  An adder zombie (D:7)
  2 dart slugs
  5 leopard geckos
  29 orcs
  2 ball pythons (D:3)
  4 giant cockroaches
  2 gnoll zombies (D:3)
  5 goblins
  6 hobgoblins
  7 jackals
  4 quokkas
  7 bats
  4 frilled lizards
  A jackal skeleton (D:8)
  5 kobolds
  2 leopard gecko skeletons
  2 quokka skeletons
  A quokka zombie (D:9)
  9 rats
172 creatures vanquished.

Vanquished Creatures (collateral kills)
  A sky beast (D:7)
  A phantom (D:6)
  A scorpion (D:7)
  An orc wizard (D:7)
  An adder (D:9)
  An orc (D:7)
6 creatures vanquished.

Vanquished Creatures (others)
  A ball python (D:4)
1 creature vanquished.

Grand Total: 179 creatures vanquished

Notes
Turn   | Place    | Note
-------+----------+-------------------------------------------
     0 | D:1      | Lavandula the Felid Chaos Knight began the quest for the Orb.
     0 | D:1      | Reached XP level 1. HP: 10/10 MP: 2/2
   102 | D:1      | XOM: divination: detect items
   446 | D:1      | Reached XP level 2. HP: 9/14 MP: 3/3
   629 | D:1      | XOM: potion effect (brilliance)
   775 | D:1      | Reached skill level 4 in Unarmed Combat
   838 | D:1      | Reached XP level 3. HP: 14/17 MP: 4/4
  1248 | D:2      | XOM is BORED!
  1248 | D:2      | XOM: give mutations
  1248 | D:2      | Gained mutation: Your body sometimes deteriorates upon taking damage. [Xom's mischief]
  1248 | D:2      | Gained mutation: You are agile. (Dex +2) [Xom's mischief]
  1248 | D:2      | Gained mutation: You are frail. (-10% HP) [Xom's mischief]
  1248 | D:2      | Lost mutation: You are frail. (-10% HP) [Xom's mischief]
  1436 | D:2      | XOM: butterfly on damage
  1447 | D:2      | Reached XP level 4. HP: 13/21 MP: 5/5
  1601 | D:2      | You fall through a shaft for 2 floors!
  1824 | D:4      | Noticed a phantom
  1832 | D:4      | XOM: summons 4 friendly demons
  1867 | D:4      | Killed a phantom
  2039 | D:3      | Found a sacrificial altar of Ru.
  2039 | D:3      | Found an ancient bone altar of Kikubaaqudgha.
  2041 | D:3      | Found an iron altar of Okawaru.
  2138 | D:3      | Reached XP level 5. HP: 24/24 MP: 6/6
  2277 | D:3      | XOM: polymorph adder -> howler monkey
  2282 | D:3      | Reached skill level 5 in Dodging
  2380 | D:3      | Reached skill level 5 in Unarmed Combat
  2898 | D:3      | XOM: butterfly on damage
  3018 | D:3      | Found a basalt altar of Yredelemnul.
  3026 | D:3      | Learned a level 2 spell: Blink
  3029 | D:3      | Learned a level 2 spell: Call Imp
  3183 | D:4      | XOM: swap monsters
  3214 | D:4      | Reached skill level 1 in Translocations
  3214 | D:4      | Gained mutation: You are covered in thick fur. (AC +2) [Felid growth]
  3214 | D:4      | Reached XP level 6. HP: 20/28 MP: 0/7
  3413 | D:4      | XOM: butterfly on damage
  3413 | D:4      | XOM: smoke on damage
  3679 | D:4      | Reached skill level 6 in Unarmed Combat
  3695 | D:4      | XOM: destruction
  3748 | D:5      | Entered Level 5 of the Dungeon
  3824 | D:5      | XOM: god gift: whip {god gift}
  4059 | D:5      | Found a sparkling altar of Nemelex Xobeh.
  4074 | D:5      | XOM: give mutation
  4074 | D:5      | Gained mutation: You possess an exceptional clarity of mind. [Xom's grace]
  4519 | D:6      | XOM: harmless Conj miscast
  4685 | D:6      | XOM: butterfly on damage
  4690 | D:6      | XOM: mild Air miscast
  4704 | D:6      | XOM: swap monsters
  4810 | D:7      | XOM: mild Tmut miscast
  4940 | D:7      | Reached skill level 7 in Unarmed Combat
  4940 | D:7      | Reached XP level 7. HP: 31/31 MP: 8/8
  4957 | D:7      | Found a bloodstained altar of Trog.
  5276 | D:7      | Found a blossoming altar of Fedhas.
  5386 | D:7      | XOM: blink monster(s)
  5723 | D:6      | Slain by an orc wizard
  5724 | D:6      | Reached XP level 6. HP: 0/30 MP: 7/7
  5734 | D:6      | Reached skill level 5 in Fighting
  5800 | D:6      | Reached XP level 7. HP: 34/34 MP: 4/8
  5960 | D:6      | XOM: blink monster(s)
  5963 | D:6      | Found a staircase to the Ecumenical Temple.
  6003 | D:6      | XOM: noise
  6146 | D:6      | XOM: summons 3 hostile demons
  6151 | D:6      | XOM: smoke on damage
  6152 | D:6      | XOM: mild Fire miscast
  6162 | D:6      | XOM: blink monster(s)
  6165 | D:6      | Shot with an arrow by a centaur
  6166 | D:6      | Reached XP level 6. HP: -9/31 MP: 7/7
  6248 | D:7      | XOM: potion effect (haste)
  6298 | D:7      | XOM: harmless Hex miscast
  6311 | D:7      | XOM: harmless Necr miscast
  6324 | D:7      | Reached skill level 8 in Unarmed Combat
  6376 | D:7      | Reached XP level 7. HP: 34/34 MP: 6/8
  6512 | D:7      | XOM: cast spell 'Metabolic Englaciation'
  6919 | D:7      | Reached skill level 1 in Spellcasting
  6934 | D:7      | Learned a level 3 spell: Mephitic Cloud
  6956 | D:7      | XOM: harmless Air miscast
  6963 | D:7      | XOM: smoke on damage
  7160 | D:7      | XOM: summons friendly iron imp
  7176 | D:7      | Reached skill level 1 in Conjurations
  7180 | D:7      | Gained mutation: You have a pair of small horns on your head. [mutagenic meat]
  7205 | D:7      | Got a faintly glowing jade ring
  7209 | D:7      | Identified the ring of Dehu {rN+ Slay+5} (You took it off an orc on level 7 of the Dungeon)
  7222 | D:7      | Reached skill level 1 in Air Magic
  7258 | D:7      | Noticed a green ugly thing
  7291 | D:7      | XOM: give mutation
  7291 | D:7      | Lost mutation: Your body sometimes deteriorates upon taking damage. [Xom's mischief]
  7396 | D:8      | Reached skill level 1 in Poison Magic
  7459 | D:8      | XOM: noise
  7466 | D:8      | Reached XP level 8. HP: 38/38 MP: 6/10
  7687 | D:8      | Learned a level 3 spell: Conjure Flame
  7793 | D:8      | XOM: harmless Erth miscast
  7842 | D:8      | Got a translucent iron ring
  8161 | D:8      | Found a glowing golden altar of the Shining One.
  8161 | D:8      | Noticed a hippogriff
  8189 | D:9      | Identified the ring "Ifeyl" {rElec rF+ AC+2 Dex+2} (You found it on level 8 of the Dungeon)
  8212 | D:9      | XOM: enchant monster (good)
  8213 | D:9      | XOM: summons friendly white imp
  8220 | D:9      | Reached skill level 5 in Stealth
  8265 | D:9      | XOM: summons friendly white imp
  8269 | D:9      | XOM: butterfly on damage
  8524 | D:9      | XOM: mild Tloc miscast
  8552 | D:9      | Noticed a troll
  8622 | D:9      | XOM: cast spell 'Olgreb's Toxic Radiance'
  8634 | D:9      | Killed a troll
  8634 | D:9      | Reached skill level 9 in Unarmed Combat
  8634 | D:9      | Reached XP level 9. HP: 32/41 MP: 8/14
  8810 | D:9      | XOM: divination: detect creatures
  8813 | D:9      | XOM: cast spell 'Death Channel'
  8834 | D:9      | Noticed a two-headed ogre
  8841 | D:9      | XOM: potion effect (might)
  8842 | D:9      | XOM: divination: detect items
  8867 | D:9      | XOM: cast spell 'Shadow Creatures'
  8955 | D:9      | XOM: polymorph centaur -> wyvern
  8972 | D:9      | XOM: enchant monster (bad)
  8973 | D:9      | Slain by a wyvern

Vault maps used:
D:1:      arrival_zaba_pyramid, minmay_crystal_room, minmay_tetromino_o2
D:3:      lemuel_zombie_altar_yredelemnul, nicolae_overflow_hidden_temple
D:4:      first_bread, dk_vineyard_3, tgw_xom
D:5:      nemelex_xobeh_ov_fountains_minmay
D:6:      minmay_temple_entry_steel_oval
D:7:      minmay_the_grid_triangle_9x9_rhombus_full, fedhas_altar_1, bloody_trog
D:8:      tso_altar

Skill      XL: |  1  2  3  4  5  6  7  8 |
---------------+-------------------------+-----
Unarmed Combat | 4 5 8 9 |  9.6
Dodging        | 4 5 6 |  6.9
Translocations | 1 2 |  2.6
Fighting       | 5 4 |  5.6
Spellcasting   | 1 2 |  2.7
Conjurations   | 1 |  1.1
Air Magic      | 2 |  2.1
Poison Magic   | 2 |  2.9
Stealth        | 5 |  5.1

Action                   |  1- 3 |  4- 6 |  7- 9 || total
-------------------------+-------+-------+-------++-------
Melee: Unarmed           |   120 |   227 |   192 ||   539
       Bite              |    14 |    23 |    19 ||    56
       Punch             |     3 |     7 |     6 ||    16
       Headbutt          |       |       |    15 ||    15
 Cast: Call Imp          |       |     8 |    19 ||    27
       Mephitic Cloud    |       |       |     9 ||     9
  Use: Scroll            |     4 |     3 |     9 ||    16
       Potion            |       |     2 |     1 ||     3
 Stab: Sleeping          |     2 |     3 |     7 ||    12
       Distracted        |       |     2 |     2 ||     4
       Confused          |       |       |     3 ||     3
       Petrifying        |       |       |     1 ||     1
  Eat: Chunk             |     8 |    15 |    16 ||    39
Armor: Skin              |     7 |    10 |    12 ||    29
Dodge: Dodged            |   108 |   157 |   120 ||   385

Table legend:
 A = Spawn XP
 B = Non-spawn XP
 C = Spawn XP percentage of total XP
 D = Spawn monster count
 E = Non-spawn monster count
 F = Spawn count percentage of total count
 G = Total turns spent on level
                    A         B        C        D         E        F      G
               +---------+---------+-------+---------+---------+-------+---------
         Total |       0 |    4379 |   0.0 |       0 |     178 |   0.0 |  8973
               +---------+---------+-------+---------+---------+-------+---------
           D:1 |       0 |      43 |   0.0 |       0 |      25 |   0.0 |   966
           D:2 |       0 |      65 |   0.0 |       0 |      12 |   0.0 |   637
           D:3 |       0 |     161 |   0.0 |       0 |      27 |   0.0 |  1161
           D:4 |       0 |     267 |   0.0 |       0 |      16 |   0.0 |   984
           D:5 |       0 |     194 |   0.0 |       0 |      16 |   0.0 |   893
           D:6 |       0 |     497 |   0.0 |       0 |      15 |   0.0 |   675
           D:7 |       0 |    1069 |   0.0 |       0 |      29 |   0.0 |  2016
           D:8 |       0 |     960 |   0.0 |       0 |      20 |   0.0 |   847
           D:9 |       0 |    1123 |   0.0 |       0 |      18 |   0.0 |   794
               +---------+---------+-------+---------+---------+-------+---------
